 Dungeon Crawl Stone Soup version 0.31-a0-177-g4aa6249778 (webtiles) character file.

Game seed: 13932080830035200465

255 qw the Shooter (level 6, -12/56 HPs)
             Began as a Naga Hunter on June 18, 2023.
             Mangled by an iguana (13 damage)
             ... on level 4 of the Dungeon.
             The game lasted 00:01:02 (2774 turns).

qw the Shooter (Naga Hunter)                        Turns: 2774, Time: 00:01:02

Health: -12/56     AC:  9    Str: 14    XL:     6   Next: 15%
Magic:  6/6        EV:  9    Int:  9    God:
Gold:   178        SH:  0    Dex: 16    Spells: 5/5 levels left

rFire   . . .        Y - +0 shortbow (chaos)
rCold   . . .        (shield currently unavailable)
rNeg    . . .        c - +0 leather armour
rPois   +            b - +2 helmet
rElec   .            (no cloak)
rCorr   .            j - +2 pair of gloves
SInv    +            (no barding)
Will    +....        h - amulet of regeneration
Stlth   ++           e - ring of willpower
HPRegen 1.09/turn    (no ring)
MPRegen 0.10/turn

%: no passive effects
@: very slow
A: AC +2, large, see invisible, deformed body, poison resistance, slowness 2,
spit poison 1, naga tail 1
a: Spit Poison


You were on level 4 of the Dungeon.
You visited 1 branch of the dungeon, and saw 4 of its levels.
You also visited: Sewer.

You collected 178 gold pieces.


Innate Abilities, Weirdness & Mutations

Your serpentine skin is tough. (AC +2)
You have supernaturally acute eyesight. (SInv)
Armour fits poorly on your strangely shaped body.
Your system is resistant to poisons. (rPois)
You cover ground very slowly.
You can spit poison.
You have a snake-like lower body.


   Skills:
 + Level 3.4 Fighting
 - Level 6.0 Ranged Weapons
 - Level 1.5 Dodging
 - Level 1.5 Stealth


You had 5 spell levels left.
You didn't know any spells.
Your spell library was empty.

Inventory:

Hand Weapons
 Y - a +0 shortbow of chaos (weapon)
Armour
 b - a +2 helmet (worn)
 c - a +0 leather armour (worn)
 j - a +2 pair of gloves (worn)
Jewellery
 e - a ring of willpower (left hand)
 h - an amulet of regeneration (around neck)
Scrolls
 d - a scroll of identify
Potions
 a - a potion of curing {unknown}
 f - a potion of heal wounds {unknown}
 g - a potion of brilliance {unknown}
 i - a potion of resistance

Dungeon Overview and Level Annotations

Branches:
Dungeon (4/15)              Sewer (visited)
 Temple: D:4-7

Altars:


Message History

The iguana is moderately wounded.
An orc comes into view. It is wielding a +0 flail.
You shoot an arrow. The orc shouts!
The arrow hits the iguana but does no damage.
The iguana is moderately wounded.
The iguana rages.
You shoot an arrow.
The arrow hits the iguana but does no damage.
Space warps horribly around the iguana!
The iguana is severely wounded.
You have got your breath back.
The iguana barely misses you. The iguana bites you!
2770 ||| INVOKING Spit Poison.
Aiming: Spit Poison (1% risk of failure)
Press: ? - help, Shift-Dir - straight line, f/p - iguana The splash of poison hits the iguana but does no damage.
The iguana looks even sicker.
The iguana is severely wounded.
An orc comes into view. It is wielding a +0 club.
The iguana bites you but does no damage.
You shoot an arrow. The arrow barely misses the iguana.
The orc shouts!
The arrow hits the orc but does no damage.
The iguana bites you! x2
You shoot an arrow. The arrow hits the iguana.
The iguana is almost dead.
The iguana bites you!
An orc priest comes into view. It is wielding a +0 mace.
The iguana closely misses you.
You shoot an arrow.
The arrow hits the iguana but does no damage.
The iguana is almost dead.
The iguana barely misses you.
You shoot an arrow.
The arrow hits the iguana but does no damage.
The iguana is almost dead.
You have got your breath back.
The iguana bites you. The orc hits you with a +0 flail. The iguana bites you!
You die...

.........####
.....................##.
..........##.........##.
..........#....%........
...................#..#.
...............##...####
..........(.....##.## #.
...............#...#####
.....$o@#.../......##...
....$.l.................
....................#...
....o........##....##...
....#####....##....##...
.... ...#.......##....
.o# #...#.............
.# #.###:##..##...... #.
#.# #.. ......


You could see an iguana (berserk, poisoned), an orc priest and 2 orcs.

Vanquished Creatures
  A hound (D:4)
  An orc priest (D:3)
  Terence (D:3)
  An iguana (D:4)
  Robin (D:2)
  4 adders
  4 worms
  5 orcs (D:3)
  9 ball pythons
  5 bats
  7 endoplasms
  2 giant cockroaches (D:1)
  11 goblins
  8 hobgoblins
  4 jackals
  4 kobolds
  4 quokkas
  4 frilled lizards
  2 rats
78 creatures vanquished.

Notes
Turn   | Place    | Note
-------+----------+-------------------------------------------
     0 | D:1      | qw the Naga Hunter began the quest for the Orb.
     0 | D:1      | Reached XP level 1. HP: 19/19 MP: 1/1
     0 | D:1      | 0 ||| qw: Version: 0.3-a-5-g6f28e65
     0 | D:1      | 0 ||| qw: Game counter: 580
     0 | D:1      | 0 ||| qw: Always use a shield: true
     0 | D:1      | 0 ||| qw: God list: Okawaru
     0 | D:1      | 0 ||| qw: Allow faded altars: false
     0 | D:1      | 0 ||| qw: Do Orc after D:15 true
     0 | D:1      | 0 ||| qw: Do second Lair branch before Depths: true
     0 | D:1      | 0 ||| qw: Lair rune preference: random
     0 | D:1      | 0 ||| qw: Plans: Normal
     0 | D:1      | 0 ||| PLANNING D:1-11
   322 | D:1      | Reached skill level 4 in Ranged Weapons
   322 | D:1      | Reached XP level 2. HP: 26/26 MP: 2/2
   327 | D:1      | 327 ||| INVOKING Spit Poison.
   338 | D:1      | 338 ||| INVOKING Spit Poison.
   355 | D:1      | 355 ||| INVOKING Spit Poison.
   358 | D:1      | Found a faded altar of an unknown god.
   373 | D:1      | 373 ||| INVOKING Spit Poison.
   388 | D:1      | 388 ||| INVOKING Spit Poison.
   403 | D:1      | 403 ||| INVOKING Spit Poison.
   649 | D:1      | 649 ||| INVOKING Spit Poison.
   671 | D:1      | 671 ||| INVOKING Spit Poison.
   721 | D:1      | 721 ||| DROPPING ring of flight.
   722 | D:1      | 722 ||| UPGRADING to ring of willpower.
   723 | D:1      | 723 ||| READING 2 scrolls labelled VOMATO KEUMU.
   724 | D:1      | 724 ||| READING scroll labelled KEJOIS KEEREMO.
   725 | D:1      | 725 ||| READING scroll labelled EQIUXTAACI.
   726 | D:1      | 726 ||| DROPPING scroll of butterflies.
   757 | D:2      | 757 ||| INVOKING Spit Poison.
   760 | D:2      | 760 ||| INVOKING Spit Poison.
   806 | D:2      | 806 ||| INVOKING Spit Poison.
   811 | D:2      | Reached XP level 3. HP: 31/32 MP: 3/3
   817 | D:2      | 817 ||| INVOKING Spit Poison.
   844 | D:2      | 844 ||| INVOKING Spit Poison.
   897 | D:2      | 897 ||| INVOKING Spit Poison.
   906 | D:2      | 906 ||| INVOKING Spit Poison.
   923 | D:2      | 923 ||| INVOKING Spit Poison.
   950 | D:2      | Noticed Robin
   951 | D:2      | 951 ||| INVOKING Spit Poison.
   954 | D:2      | 954 ||| INVOKING Spit Poison.
   957 | D:2      | 957 ||| INVOKING Spit Poison.
   960 | D:2      | Killed Robin
   962 | D:2      | HP: 8/32 [goblin/+0 club[Robin] (2)]
   964 | D:2      | 964 ||| INVOKING Spit Poison.
  1113 | D:2      | 1113 ||| INVOKING Spit Poison.
  1183 | D:2      | 1183 ||| INVOKING Spit Poison.
  1193 | D:2      | 1193 ||| INVOKING Spit Poison.
  1196 | D:2      | Reached skill level 5 in Ranged Weapons
  1196 | D:2      | Reached XP level 4. HP: 39/39 MP: 4/4
  1221 | D:2      | 1221 ||| INVOKING Spit Poison.
  1224 | D:2      | 1224 ||| INVOKING Spit Poison.
  1230 | D:2      | 1230 ||| INVOKING Spit Poison.
  1233 | D:2      | 1233 ||| INVOKING Spit Poison.
  1406 | D:2      | 1406 ||| INVOKING Spit Poison.
  1628 | D:2      | 1628 ||| UPGRADING to +0 helmet.
  1633 | D:2      | 1633 ||| READING scroll of enchant armour.
  1633 | D:2      | 1633 ||| ENCHANTING +0 helmet.
  1634 | D:2      | 1634 ||| UPGRADING to amulet of regeneration.
  1639 | D:2      | 1639 ||| READING scroll labelled OPNETICURO.
  1671 | D:3      | 1671 ||| PLANNING SEWER
  1677 | D:3      | 1677 ||| READING scroll of enchant armour.
  1677 | D:3      | 1677 ||| ENCHANTING +1 helmet.
  1684 | D:3      | 1684 ||| INVOKING Spit Poison.
  1713 | D:3      | 1713 ||| INVOKING Spit Poison.
  1718 | D:3      | 1718 ||| INVOKING Spit Poison.
  1724 | D:3      | Noticed Terence
  1726 | D:3      | 1726 ||| INVOKING Spit Poison.
  1732 | D:3      | 1732 ||| INVOKING Spit Poison.
  1732 | D:3      | Killed Terence
  1734 | D:3      | Reached skill level 3 in Fighting
  1750 | D:3      | Found a glowing drain.
  1751 | D:3      | 1751 ||| INVOKING Spit Poison.
  1761 | D:3      | 1761 ||| INVOKING Spit Poison.
  1764 | D:3      | 1764 ||| INVOKING Spit Poison.
  1768 | D:3      | Reached XP level 5. HP: 49/49 MP: 5/5
  1771 | Sewer    | Entered a sewer
  1787 | D:3      | 1787 ||| PLANNING D:1-11
  1816 | D:3      | 1816 ||| INVOKING Spit Poison.
  1867 | D:3      | 1867 ||| INVOKING Spit Poison.
  1892 | D:3      | 1892 ||| INVOKING Spit Poison.
  1907 | D:3      | 1907 ||| INVOKING Spit Poison.
  1920 | D:3      | 1920 ||| INVOKING Spit Poison.
  1924 | D:3      | 1924 ||| INVOKING Spit Poison.
  1964 | D:3      | 1964 ||| INVOKING Spit Poison.
  1969 | D:3      | 1969 ||| INVOKING Spit Poison.
  1992 | D:3      | 1992 ||| INVOKING Spit Poison.
  1999 | D:3      | 1999 ||| INVOKING Spit Poison.
  2137 | D:3      | 2137 ||| INVOKING Spit Poison.
  2140 | D:3      | 2140 ||| INVOKING Spit Poison.
  2239 | D:3      | 2239 ||| INVOKING Spit Poison.
  2405 | D:3      | 2405 ||| INVOKING Spit Poison.
  2526 | D:3      | 2526 ||| INVOKING Spit Poison.
  2530 | D:3      | 2530 ||| INVOKING Spit Poison.
  2584 | D:3      | 2584 ||| UPGRADING to +2 pair of gloves.
  2589 | D:3      | 2589 ||| READING scroll labelled DUGGIROAHI.
  2608 | D:4      | 2608 ||| INVOKING Spit Poison.
  2614 | D:4      | 2614 ||| INVOKING Spit Poison.
  2618 | D:4      | 2618 ||| INVOKING Spit Poison.
  2678 | D:4      | 2678 ||| INVOKING Spit Poison.
  2681 | D:4      | 2681 ||| INVOKING Spit Poison.
  2686 | D:4      | 2686 ||| INVOKING Spit Poison.
  2689 | D:4      | 2689 ||| INVOKING Spit Poison.
  2695 | D:4      | 2695 ||| INVOKING Spit Poison.
  2699 | D:4      | 2699 ||| INVOKING Spit Poison.
  2701 | D:4      | Reached skill level 6 in Ranged Weapons
  2701 | D:4      | Reached XP level 6. HP: 43/56 MP: 6/6
  2749 | D:4      | 2749 ||| INVOKING Spit Poison.
  2767 | D:4      | 2767 ||| INVOKING Spit Poison.
  2770 | D:4      | 2770 ||| INVOKING Spit Poison.
  2772 | D:4      | HP: 10/56 [iguana (12)]
  2774 | D:4      | HP: 1/56 [orc/+0 flail (5)]
  2774 | D:4      | Mangled by an iguana

Levels and vault maps discovered:
D:1:      dpeg_arrival_arbitrary_c, layout_basic,
          hellmonk_ecumenical_altar_dog_temple, chequers_serial_rivers_room_a,
          minivault_23, item_on_display_a
D:2:      layout_loops_ring, uniq_robin
D:3:      layout_basic, cheibrodos_sewer_entry_sluice, uniq_terence
D:4:      layout_cave_pools, mainiacjoe_overflow_brackets

Skill      XL: |  1  2  3  4  5 |
---------------+----------------+-----
Ranged Weapons | 4 5 6 |  6.0
Fighting       | 3 |  3.4
Dodging        | |  1.5
Stealth        | |  1.5

Action                     |  1- 3 |  4- 6 || total
---------------------------+-------+-------++-------
   Fire: Shortbow          |    60 |   125 ||   185
Ability: Spit Poison       |    23 |    41 ||    64
    Use: Scroll            |     3 |     4 ||     7
 Armour: Leather armour    |       |    39 ||    39
  Dodge: Dodged            |    12 |    59 ||    71

Table legend:
 A = Non-vault XP
 B = Vault XP
 C = Vault XP percentage of total XP
 D = Non-vault monster count
 E = Vault monster count
 F = Vault count percentage of total count
                 A         B        C        D         E       F
            +---------+---------+-------+---------+---------+-------
      Total |     283 |      82 |  22.5 |      64 |      14 |  17.9
            +---------+---------+-------+---------+---------+-------
        D:1 |      26 |       4 |  13.3 |      14 |       2 |  12.5
        D:2 |      38 |      28 |  42.4 |      18 |       8 |  30.8
        D:3 |     118 |      50 |  29.8 |      24 |       4 |  14.3
        D:4 |     101 |       0 |   0.0 |       8 |       0 |   0.0
            +---------+---------+-------+---------+---------+-------
